 Dungeon Crawl Stone Soup version 0.22-a0-322-g60b3cfd (webtiles) character file.

804 Amnesiac the Zephyrmancer (level 7, -4/36 HPs)
             Began as a Tengu Air Elementalist on Apr 3, 2018.
             Was an Initiate of Sif Muna.
             Slain by Ijyb
             ... wielding a +3 club
              (5 damage)
             ... on level 4 of the Dungeon.
             The game lasted 00:09:26 (4100 turns).

Amnesiac the Zephyrmancer (Tengu Air Elementalist)  Turns: 4100, Time: 00:09:27

Health: -4/36      AC:  5    Str:  8    XL:     7   Next: 91%
Magic:  0/15       EV: 10    Int: 18    God:    Sif Muna [......]
Gold:   113        SH:  0    Dex: 14    Spells: 9/16 levels left

rFire    . . .     SeeInvis .   m - +5 hunting sling (freeze)
rCold    . . .     Gourm    +   (no shield)
rNeg     . . .     Faith    .   d - +0 ring mail
rPois    .         Spirit   .   (helmet restricted)
rElec    .         Reflect  .   (no cloak)
rCorr    +         Harm     .   (no gloves)
MR       .....                  (boots unavailable)
Stlth    +.........             o - amulet of the gourmand
HPRegen  0.12/turn              j - ring of wizardry
MPRegen  0.14/turn              s - ring of resist corrosion

@: no status effects
A: beak, talons 3, able to fly 1
a: Fly, Renounce Religion


You were on level 4 of the Dungeon.
You worshipped Sif Muna.
Sif Muna was noncommittal.
You were very full.

You visited 1 branch of the dungeon, and saw 4 of its levels.

You collected 113 gold pieces.

Inventory:

Hand Weapons
 m - a +5 hunting sling of freezing (weapon)
Missiles
 e - 65 stones (quivered)
 n - 45 sling bullets
Armour
 a - a +0 robe
 d - a +0 ring mail (worn)
Jewellery
 f - an uncursed amulet of harm
 j - a ring of wizardry (left hand)
 o - an amulet of the gourmand (around neck)
 s - a ring of resist corrosion (right hand)
Wands
 k - a wand of flame (14)
Scrolls
 h - a scroll of teleportation {!r}
Potions
 g - a potion of curing {!q}
 i - 2 potions of agility {!q}
 l - a potion of degeneration {!q, unknown}
 r - 2 potions of might {!q}
Comestibles
 b - 8 chunks of flesh
 c - 9 rations


   Skills:
 - Level 0.2 Fighting
 - Level 2.3 Dodging
 - Level 2.0 Stealth
 - Level 5.0 Spellcasting
 - Level 1.3 Conjurations
 * Level 9.7 Air Magic


You had 9 spell levels left.
You knew the following spells:

 Your Spells              Type           Power        Failure   Level  Hunger
a - Shock                 Conj/Air       ###.         1%          1    None
d - Airstrike             Air            #####.....   3%          4    ####...
z - Swiftness             Chrm/Air       ###.....     3%          2    #......


Dungeon Overview and Level Annotations

Branches:
Dungeon (4/15)
 Temple: D:4-7

Altars:
Dithmenos
Hepliaklqana
Qazlal
Sif Muna
Trog
Vehumet
Xom
Yredelemnul
The Shining One

Annotations:
D:4 Ijyb


Innate Abilities, Weirdness & Mutations

You have a beak for a mouth.
You have claws for feet.
You can fly.


Message History

Press: ? - help, Dir - move target cursor, f/p - Ijyb
Aim: Ijyb, wielding an enchanted club and wearing a chain mail (lightly wounded)
The air twists around and strikes Ijyb!
Ijyb is lightly wounded.
Some of the chunks of flesh in your inventory have rotted away.
Casting: Airstrike (safe; 3% risk of failure)
Confirm with . or Enter, or press ? or * to list all spells.
You don't have enough magic to cast that spell.
Firing (i - inventory. (/) - cycle)
e - 69 stones (quivered)
Press: ? - help, Shift-Dir - straight line, f/p - Ijyb
Aim: Ijyb, wielding an enchanted club and wearing a chain mail (lightly wounded)
You shoot a stone. The stone hits Ijyb.
The stone freezes Ijyb.
Ijyb is heavily wounded.
Ijyb zaps a wand.
The puff of flame hits you!
It is a wand of flame (26).
Ijyb completely misses you.
Firing (i - inventory. (/) - cycle)
e - 68 stones (quivered)
Press: ? - help, Shift-Dir - straight line, f/p - Ijyb
Aim: Ijyb, wielding an enchanted club, wearing a chain mail and carrying a wand of flame (26) (heavily wounded)
You shoot a stone. The stone barely misses Ijyb.
Ijyb completely misses you.
Firing (i - inventory. (/) - cycle)
e - 67 stones (quivered)
Press: ? - help, Shift-Dir - straight line, f/p - Ijyb
Aim: Ijyb, wielding an enchanted club, wearing a chain mail and carrying a wand of flame (26) (heavily wounded)
You shoot a stone. The stone barely misses Ijyb.
Ijyb hits you with an enchanted club.
Firing (i - inventory. (/) - cycle)
e - 66 stones (quivered)
Press: ? - help, Shift-Dir - straight line, f/p - Ijyb
Aim: Ijyb, wielding an enchanted club, wearing a chain mail and carrying a wand of flame (26) (heavily wounded)
You shoot a stone. The stone hits Ijyb.
The stone freezes Ijyb.
Ijyb is severely wounded.
Ijyb zaps a wand.
The puff of flame hits you!
* * * LOW HITPOINT WARNING * * *
Evoke which item? (* to show all) (? for menu, Esc to quit)
Okay, then.
Casting: Airstrike (safe; 3% risk of failure)
Confirm with . or Enter, or press ? or * to list all spells.
Aiming: Airstrike (safe; 3% risk of failure)
Press: ? - help, Dir - move target cursor, f/p - Ijyb
Aim: Ijyb, wielding an enchanted club, wearing a chain mail and carrying a wand of flame (25) (severely wounded)
The air twists around and strikes Ijyb!
Ijyb is almost dead.
Ijyb zaps a wand.
The puff of flame hits you!
* * * LOW HITPOINT WARNING * * *
Evoke which item? (* to show all) (? for menu, Esc to quit)
Aiming: Throw Flame
Press: ? - help, Shift-Dir - straight line, f/p - Ijyb
Aim: Ijyb, wielding an enchanted club, wearing a chain mail and carrying a wand of flame (24) (almost dead)
The puff of flame hits Ijyb.
Ijyb appears unharmed.
Ijyb is almost dead.
Ijyb closely misses you.
Evoke which item? (* to show all) (? for menu, Esc to quit)
Aiming: Throw Flame
Press: ? - help, Shift-Dir - straight line, f/p - Ijyb
Aim: Ijyb, wielding an enchanted club, wearing a chain mail and carrying a wand of flame (24) (almost dead)
The puff of flame hits Ijyb.
Ijyb appears unharmed.
Ijyb is almost dead.
Ijyb completely misses you.
Evoke which item? (* to show all) (? for menu, Esc to quit)
Aiming: Throw Flame
Press: ? - help, Shift-Dir - straight line, f/p - Ijyb
Aim: Ijyb, wielding an enchanted club, wearing a chain mail and carrying a wand of flame (24) (almost dead)
The puff of flame hits Ijyb.
Ijyb appears unharmed.
Ijyb is almost dead.
Ijyb hits you with an enchanted club.
You die...

#### ###########
.....
#.........##......
+.........@g.....(
#.........##......
#.........# .....
#.....##### ###.
#.....# #.....####
. ..
######....#####..
.. ..# #...
#........... ..#
#.# #...
#....#.....# ..##
#.#


You could see Ijyb.

Vanquished Creatures
  Sigmund (D:3)
  A sky beast (D:2)
  An ogre (D:4)
  3 electric eels (D:3)
  A jelly (D:3)
  An orc priest (D:3)
  An orc wizard (D:4)
  A worker ant (D:2)
  8 gnolls
  6 adders (D:2)
  An ooze (D:3)
  2 worms (D:3)
  3 dart slugs
  2 leopard geckos
  17 orcs
  A ball python (D:2)
  6 bats
  A giant cockroach (D:2)
  2 goblins
  10 hobgoblins
  4 jackals (D:2)
  A quokka (D:4)
  7 frilled lizards
  8 kobolds
  5 rats
94 creatures vanquished.

Notes
Turn   | Place    | Note
-------+----------+-------------------------------------------
     0 | D:1      | Amnesiac the Tengu Air Elementalist began the quest for the Orb.
     0 | D:1      | Reached XP level 1. HP: 10/10 MP: 4/4
   238 | D:1      | Reached XP level 2. HP: 7/15 MP: 0/6
   444 | D:1      | Reached skill level 5 in Air Magic
   638 | D:1      | Reached XP level 3. HP: 17/19 MP: 0/7
   642 | D:1      | Learned a level 2 spell: Swiftness
  1065 | D:2      | Reached XP level 4. HP: 24/24 MP: 9/9
  1384 | D:2      | Reached skill level 6 in Air Magic
  1409 | D:2      | Learned a level 4 spell: Airstrike
  1451 | D:2      | Noticed a sky beast
  1464 | D:2      | Killed a sky beast
  1464 | D:2      | Reached skill level 7 in Air Magic
  1464 | D:2      | Gained mutation: You can fly. [Tengu growth]
  1464 | D:2      | Reached XP level 5. HP: 9/28 MP: 5/11
  1478 | D:2      | HP: 1/28 [giant cockroach (2)]
  1735 | D:2      | HP: 1/28 [poisoned by an adder]
  2195 | D:2      | Reached XP level 6. HP: 25/32 MP: 9/12
  2791 | D:3      | Reached skill level 8 in Air Magic
  2953 | D:3      | Found a transporter.
  2965 | D:3      | Noticed Sigmund
  2969 | D:3      | Killed Sigmund
  2969 | D:3      | Reached skill level 5 in Spellcasting
  2969 | D:3      | Reached XP level 7. HP: 27/36 MP: 0/15
  3215 | D:3      | Found a transporter.
  3376 | D:3      | Found a hazy altar of Hepliaklqana.
  3376 | D:3      | Found a stormy altar of Qazlal.
  3378 | D:3      | Found a radiant altar of Vehumet.
  3378 | D:3      | Found a shadowy altar of Dithmenos.
  3378 | D:3      | Found a deep blue altar of Sif Muna.
  3378 | D:3      | Found a glowing golden altar of the Shining One.
  3382 | D:3      | Found a bloodstained altar of Trog.
  3401 | D:3      | Became a worshipper of Sif Muna the Loreminder
  3442 | D:3      | Found a shimmering altar of Xom.
  3713 | D:3      | Reached skill level 9 in Air Magic
  4012 | D:4      | Found a basalt altar of Yredelemnul.
  4089 | D:4      | Noticed Ijyb
  4097 | D:4      | HP: 1/36 [Ijyb/wand of flame (25) (7)]
  4100 | D:4      | Slain by Ijyb

Vault maps used:
D:1:      lemuel_arrival_lava_pool, serial_bayou_ford_a
D:2:      first_ration
D:3:      gammafunk_steamed_eel, grunt_temple_overflow_open, xom_teletrap_fun,
          uniq_sigmund
D:4:      kennysheep_ying_yang, grunt_temple_overflow_order_and_chaos_2,
          minmay_divided_ellipse, uniq_ijyb

Skill      XL: |  1  2  3  4  5  6  7 |
---------------+----------------------+-----
Air Magic      | 5 7 8 9 |  9.7
Spellcasting   | 3 5 |  5.0
Fighting       | |  0.2
Dodging        | |  2.3
Stealth        | |  2.0
Conjurations   | |  1.3

Action                   |  1- 3 |  4- 6 |  7- 9 || total
-------------------------+-------+-------+-------++-------
 Fire: Hunting sling     |    14 |   119 |    71 ||   204
 Cast: Shock             |    31 |     8 |       ||    39
       Airstrike         |       |     8 |     7 ||    15
 Abil: Fly               |       |     1 |       ||     1
Evoke: Wand              |       |       |    10 ||    10
  Use: Scroll            |       |     9 |     3 ||    12
  Eat: Chunk             |     1 |    16 |     5 ||    22
Armor: Robe              |     1 |     7 |     1 ||     9
       Ring mail         |       |       |     7 ||     7
Dodge: Dodged            |     6 |    37 |     8 ||    51

Table legend:
 A = Spawn XP
 B = Non-spawn XP
 C = Spawn XP percentage of total XP
 D = Spawn monster count
 E = Non-spawn monster count
 F = Spawn count percentage of total count
 G = Total turns spent on level
                    A         B        C        D         E        F      G
               +---------+---------+-------+---------+---------+-------+---------
         Total |       0 |    1149 |   0.0 |       0 |      94 |   0.0 |  4100
               +---------+---------+-------+---------+---------+-------+---------
           D:1 |       0 |      37 |   0.0 |       0 |      13 |   0.0 |  1007
           D:2 |       0 |     340 |   0.0 |       0 |      35 |   0.0 |  1703
           D:3 |       0 |     583 |   0.0 |       0 |      31 |   0.0 |  1040
           D:4 |       0 |     189 |   0.0 |       0 |      15 |   0.0 |   350
               +---------+---------+-------+---------+---------+-------+---------
